 Dungeon Crawl Stone Soup version 0.31.0-32-g396128a36d (webtiles) character file.

Game seed: 1929485891579241592

23 mainiacjoe the Caller (level 2, 0/17 HPs)
             Began as an Octopode Summoner on Mar 31, 2024.
             Succumbed to an adder's poison
             ... on level 2 of the Dungeon.
             The game lasted 00:02:44 (889 turns).

mainiacjoe the Caller (Octopode Summoner)            Turns: 889, Time: 00:02:45

Health: 0/17       AC:  1    Str:  7    XL:     2   Next: 95%
Magic:  3/5        EV: 13    Int: 17    God:
Gold:   21         SH:  5    Dex: 12    Spells: 2/5 levels left

rFire   . . .        b - +0 spear
rCold   . . .        (no shield)
rNeg    . . .        (helmet restricted)
rPois   .            k - amulet of reflection
rElec   .            (no ring)
rCorr   .            (no ring)
SInv    .            (no ring)
Will    .....        (no ring)
Stlth   +++          (no ring)
HPRegen 0.22/turn    (no ring)
MPRegen 0.09/turn    (no ring)
                     (no ring)

%: reflection
@: lethally poisoned (0 -> -2)
A: almost no armour, amphibious, 8 rings, camouflage 1, gelatinous body 1,
(nimble swimmer 1), tentacles
a: no special abilities


You were on level 2 of the Dungeon.
You visited 1 branch of the dungeon, and saw 2 of its levels.

You collected 21 gold pieces.

Inventory:

Hand Weapons
 a - a +0 sling
 b - a +0 spear (weapon)
 c - a +0 club
 e - a +3 dagger of holy wrath
Missiles
 h - 7 stones
Magical Staves
 g - a staff of cold
Jewellery
 k - an amulet of reflection (around mantle)
Potions
 f - a potion of magic


   Skills:
 - Level 2.0 Dodging
 - Level 2.6 Stealth
 - Level 2.0 Spellcasting
 + Level 4.8 Summonings


You had 2 spell levels left.
You knew the following spells:

 Your Spells              Type           Power      Damage    Failure   Level
a - Summon Small Mammal   Summ           72%        N/A       2%          1
b - Call Imp              Summ           36%        N/A       4%          2

Your spell library contained the following spells:

 Spells                   Type           Power      Damage    Failure   Level
 Call Canine Familiar     Summ           18%        N/A       8%          3
 Frozen Ramparts          Ice            2%         1d1       50%         3
 Summon Blazeheart Golem  Fire/Summ      10%        N/A       56%         4
 Summon Lightning Spire   Summ/Air       10%        N/A       56%         4
 Leda's Liquefaction      Alch/Erth      0%         N/A       88%         4
 Petrify                  Alch/Erth      1%         N/A       88%         4
 Metabolic Englaciation   Hex/Ice        0%         N/A       99%         5


Dungeon Overview and Level Annotations

Branches:
Dungeon (2/15)

Altars:


Innate Abilities, Weirdness & Mutations

You cannot wear most types of armour.
You are amphibious.
You can wear up to eight rings at the same time.
Your skin changes colour to match your surroundings (Stealth+).
Your rubbery body absorbs attacks. (AC +1, EV +1)
((You are camouflaged when in or above water. (Stealth+)))
You have tentacles for arms and can constrict up to eight enemies at once.


Message History

The adder is heavily wounded.
The adder bites you.
You shoot a sling bullet. The sling bullet misses the adder.
You block the adder's attack. The adder barely misses you.
b - a +0 spear (weapon)
The adder bites you.
You hit the adder but do no damage. Your grab misses the adder.
The adder is heavily wounded.
The adder bites you but does no damage.
You closely miss the adder. Your grab misses the adder.
Your squeeze misses the adder.
The adder is heavily wounded.
The adder closely misses you. The adder bites you.
You are too injured to fight recklessly!
You are too injured to fight recklessly!
Casting: Summon Small Mammal (safe; 2% risk of failure)
Confirm with . or Enter, or press ? or * to list all spells.
A tiny devil pulls itself out of the air.
The adder bites you.
* * * LOW HITPOINT WARNING * * *
You are lethally poisoned!
The adder poisons you!
You swap places.
* * * LOW HITPOINT WARNING * * *
You feel sick.
The adder closely misses your cerulean imp.
Your cerulean imp barely misses the adder.
* * * LOW HITPOINT WARNING * * *
You feel sick.
The adder barely misses your cerulean imp. x2
Your cerulean imp barely misses the adder.
* * * LOW HITPOINT WARNING * * *
You feel sick. The adder bites your cerulean imp.
Your cerulean imp hits the adder with a -3 spear.
Okay, then.
There is a lethal amount of poison in your body!
* * * LOW HITPOINT WARNING * * *
You feel sick. The adder bites your cerulean imp.
Your cerulean imp barely misses the adder.
You die...

*,,,,***#####.##....### #.#
**,,,**,* #.####..# #.#
*,,**#.#####.......# #.# *****,**
#.......##...## ##.###
,,,,,,***#.#####.##.########.....
,**,,,,,,#....##.##.###.......###
,,,,*,**,*,*#...........####.####
,*,,*,##.#.#####.#...#### #.##..
***,,,......S5..@#...# #.##.#
,*,,,,##.####.####...# #.##.#
,,,*****,***#.# #...# #..... *,**
*,,,*#.# #...# ####.... ,,,*
**,*,*#.# #...# #..>.... ,,,*
*,,,,,..####...#####.##.#.. ,,,*
*,*,,,..................... ,,,*
*,,,,,..............)..>...
,,,*****,**,,....)..........#.#..


You could see an adder (ally target) and a friendly cerulean imp (summoned).

Vanquished Creatures
  2 endoplasms (D:1)
  4 kobolds
  A ball python (D:2)
  4 bats (D:1)
11 creatures vanquished.

Vanquished Creatures (collateral kills)
  2 endoplasms (D:1)
  A hobgoblin (D:1)
  A quokka (D:1)
  A ball python (D:1)
  A bat (D:1)
  A frilled lizard (D:1)
  3 kobolds (D:1)
  A rat (D:1)
11 creatures vanquished.

Grand Total: 22 creatures vanquished

Notes
Turn   | Place    | Note
-------+----------+-------------------------------------------
     0 | D:1      | mainiacjoe the Octopode Summoner began the quest for the
                  | Orb.
     0 | D:1      | Reached XP level 1. HP: 11/11 MP: 3/3
   196 | D:1      | Reached XP level 2. HP: 17/17 MP: 0/5
   304 | D:1      | Learned a level 2 spell: Call Imp
   889 | D:2      | Succumbed to an adder's poison

Illustrated notes

Levels and vault maps discovered:
D:1:      dpeg_arrival_rooms_a, layout_basic
D:2:      layout_loops_cross, uniq_crazy_yiuf_cottage

Action                     || total
---------------------------++-------
  Melee: Club              ||    10
         Constrict         ||     6
         Dagger            ||     5
         Spear             ||     2
   Fire: Sling             ||    25
   Cast: Summon Small Mamm ||    13
         Call Imp          ||     4
    Use: Scroll            ||     4
   Stab: Sleeping          ||     1
 Armour: Skin              ||    22
  Dodge: Dodged            ||    42
  Block: Other             ||     1
